 Dungeon Crawl Stone Soup version 0.28-a0-863-g8cecda6153 (webtiles) character file.

Game seed: 8346906795681534390

57230 ders the Earth Mage (level 14, -11/72 HPs)
             Began as a Gargoyle Earth Elementalist on Nov 19, 2021.
             Was a High Priest of Vehumet.
             Mangled by a minotaur (22 damage)
             ... in a Gauntlet.
             The game lasted 00:43:20 (25726 turns).

ders the Earth Mage (Gargoyle Earth Elementalist)  Turns: 25726, Time: 00:43:20

Health: -11/72     AC: 27    Str: 13    XL:     14   Next: 85%
Magic:  16/41      EV: 12    Int: 36    God:    Vehumet [*****.]
Gold:   2891       SH:  5    Dex: 12    Spells: 22/41 levels left

rFire   . . .      SeeInvis +   Q - +5 whip of Dominance {holy, rN+}
rCold   . . .      Faith    .   N - +0 buckler
rNeg    + + +      Spirit   .   U - +0 steam dragon scales
rPois   ∞          Reflect  .   P - +2 hat {Int+3}
rElec   +          Harm     .   i - +1 cloak
rCorr   +          Rampage  .   Y - +2 pair of gloves {Str+3}
Will    +++++      NoTele   +   H - +2 pair of boots of Discretion {Will+++ rCorr MP+9 Str-4}
Stlth   ++........              V - amulet of Youthful Indiscretion {Acrobat Str+2 Dex+2}
HPRegen 0.22/turn               W - ring of Haitruer {+Blink Int+6}
MPRegen 0.27/turn               M - ring of the Turtle {rN+ Will+ Int+6 SInv}

@: swift, flying, hasted, very quick
A: sickness immunity, AC +10, big wings, negative energy resistance 1,
electricity resistance, torment resistance 1, petrification resistance
a: Renounce Religion, Evoke Blink


You were in a Gauntlet.
You worshipped Vehumet.
Vehumet was extremely pleased with you.
You visited 3 branches of the dungeon, and saw 19 of its levels.
You also visited: Ossuary, Bailey, Gauntlet and Ice Cave.

You collected 2891 gold pieces.

Inventory:

Hand Weapons
 a - a +9 dagger of speed
 G - the +1 whip "Gargoyle's Peril" {vorpal, rC+}
   (You found it in a bailey)

   It inflicts extra damage upon your enemies.
   rC:        It protects you from cold.
 Q - the +5 whip of Dominance (weapon) {holy, rN+}
   (You found it on level 1 of the Lair of Beasts)

   It has been blessed by the Shining One to cause great damage to the undead
   and demons.
   rN:        It protects you from negative energy.
Missiles
 v - 201 stones
Armour
 b - a +0 robe
 f - +0 gold dragon scales
 i - a +1 cloak (worn)
 q - a +1 pair of gloves
 A - the +1 leather armour "Pynuck" {rCorr Str-4 Int+4}
   (You found it on level 9 of the Dungeon)

   Str:       It affects your strength (-4).
   Int:       It affects your intelligence (+4).
   rCorr:     It protects you from acid and corrosion.
 H - the +2 pair of boots of Discretion (worn) {Will+++ rCorr MP+9 Str-4}
   (You found it in a bailey)

   Str:       It affects your strength (-4).
   MP:        It affects your magic capacity (+9).
   rCorr:     It protects you from acid and corrosion.
   Will:      It greatly increases your willpower.
 N - a +0 buckler (worn)
 P - a +2 hat of intelligence (worn)
 U - +0 steam dragon scales (worn)
 Y - a +2 pair of gloves of strength (worn)
Jewellery
 m - an amulet of regeneration
 w - a ring of positive energy
 L - a ring of resist corrosion
 M - the ring of the Turtle (right hand) {rN+ Will+ Int+6 SInv}
   (You found it on level 1 of the Lair of Beasts)

   [ring of intelligence]

   Int:       It affects your intelligence (+6).
   rN:        It protects you from negative energy.
   SInv:      It lets you see invisible.
   Will:      It increases your willpower.
 T - a +6 ring of intelligence
 V - the amulet of Youthful Indiscretion (around neck) {Acrobat Str+2 Dex+2}
   (You found it in a Gauntlet)

   [amulet of the acrobat]

   It increases your evasion while moving and waiting.
   Str:       It affects your strength (+2).
   Dex:       It affects your dexterity (+2).
 W - the ring of Haitruer (left hand) {+Blink Int+6}
   (You found it in a Gauntlet)

   [ring of intelligence]

   Int:       It affects your intelligence (+6).
   +Blink:    It lets you blink.
 X - a +4 ring of slaying
Wands
 g - a wand of iceblast (22)
 z - a wand of flame (28)
 B - a wand of charming (7)
 E - a wand of acid (8)
 F - a wand of polymorph (12)
Scrolls
 h - 2 scrolls of amnesia
 k - 8 scrolls of fear
 l - 5 scrolls of immolation
 r - a scroll of silence
 y - 2 scrolls of teleportation
 J - a scroll of enchant weapon
 K - a scroll of fog
 O - a scroll of identify
 R - 2 scrolls of blinking
Potions
 c - 4 potions of flight
 d - 3 potions of brilliance
 e - 3 potions of curing
 j - 3 potions of haste
 o - a potion of heal wounds
 p - 5 potions of attraction
 s - a potion of invisibility
 t - 5 potions of might
 u - 5 potions of lignification
 x - a potion of ambrosia
 C - a potion of berserk rage
 D - 3 potions of cancellation
 S - 2 potions of magic
Miscellaneous
 n - a lightning rod (4/4)
 I - a condenser vane


   Skills:
 + Level 2.5 Fighting
 + Level 1.1 Short Blades
 + Level 5.3 Armour
 - Level 1.5 Dodging
 + Level 4.1 Stealth
 - Level 4.0 Shields
 + Level 14.2 Spellcasting
 + Level 14.1 Conjurations
 + Level 0.7 Transmutations
 + Level 3.7 Fire Magic
 + Level 4.1 Air Magic
 + Level 15.7 Earth Magic


You had 22 spell levels left.
You knew the following spells:

 Your Spells              Type           Power      Damage    Failure   Level
a - Sandblast             Erth           100%       2d20      0%          1
b - Stone Arrow           Conj/Erth      100%       3d13      0%          3
c - Blink                 Tloc           50%        N/A       2%          2
d - Flame Wave            Conj/Fire      74%        3d13      1%          4
e - Swiftness             Air            54%        N/A       1%          3
f - Airstrike             Air            27%        N/A       1%          4
g - Scorch                Fire           100%       2d10      1%          2

Your spell library contained the following spells:

 Spells                   Type           Power      Damage    Failure   Level
 Irradiate                Conj/Tmut      34%        3d24      1%          5
 Animate Skeleton         Necr           50%        N/A       1%          1
 Beastly Appendage        Tmut           60%        N/A       1%          1
 Pain                     Necr           100%       1d9       1%          1
 Shock                    Conj/Air       100%       1d9       1%          1
 Slow                     Hex            100%       N/A       1%          1
 Sting                    Tmut/Pois      100%       1d8       1%          1
 Passwall                 Tmut/Erth      59%        N/A       1%          2
 Poisonous Vapours        Pois/Air       80%        N/A       1%          2
 Wereblood                Tmut           30%        N/A       1%          2
 Petrify                  Tmut/Erth      71%        N/A       1%          4
 Ensorcelled Hibernation  Hex/Ice        50%        N/A       2%          2
 Confusing Touch          Hex            25%        N/A       4%          3
 Spider Form              Tmut/Pois      28%        N/A       4%          3
 Tukima's Dance           Hex            25%        N/A       4%          3
 Vampiric Draining        Necr           25%        2d7       4%          3
 Olgreb's Toxic Radiance  Pois           25%        N/A       4%          4
 Yara's Violent Unravell  Hex/Tmut       14%        3d7       11%         5
 Passage of Golubria      Tloc           25%        N/A       16%         4
 Manifold Assault         Tloc           25%        N/A       38%         5
 Summon Cactus Giant      Summ           12%        N/A       93%         6
 Ozocubu's Refrigeration  Ice            12%        4d7       95%         7
 Storm Form               Tmut/Air       21%        N/A       99%         7
 Ignition                 Fire           25%        3d9       99%         8


Dungeon Overview and Level Annotations

Branches:
Dungeon (12/15)            Temple (1/1) D:6            Lair (6/6) D:10
 Shoals (0/4) Lair:4       Spider (0/4) Lair:3        Slime (0/5) Lair:5
    Orc (0/2) D:9         Ossuary (visited)          Bailey (visited)
  IceCv (visited)         Gauntlet (1/1)

Altars:
Ashenzari
Cheibriados
Dithmenos
Elyvilon
Fedhas
Gozag
Hepliaklqana
Kikubaaqudgha
Makhleb
Nemelex Xobeh
Okawaru
Qazlal
Ru
Sif Muna
Trog
Uskayaw
Vehumet
Wu Jian
Xom
Yredelemnul
Zin
The Shining One

Shops:
D:3 [   D:10 *

Annotations:
Lair:1 6 runed translucent doors
Lair:2 2 transporters, exclusion: oklob plant, swinepaste's ghost, journeyman KoEn Gauntlet 10 transporters, 11 runed translucent doors


Innate Abilities, Weirdness & Mutations

You are immune to sickness and miasma.
Your stone body is resilient. (AC +10)
You are immune to poison.
Your large and strong wings let you fly.
You resist negative energy. (rN+)
You are resistant to electric shocks. (rElec)
You are resistant to unholy torment.
You are immune to petrification.


Message History

The minotaur hits you but does no damage.
The minotaur gores you but does no damage.
Unknown command.
Casting: Stone Arrow (safe; 0% risk of failure)
Confirm with . or Enter, or press ? or * to list all spells.
Aiming: Stone Arrow (safe; 0% risk of failure)
Press: ? - help, Shift-Dir - straight line, f/p - minotaur
Aim: a minotaur, wielding a +2 great mace of protection, wearing the +1 ring mail of the Past {Rampage rElec}, wearing a +4 ring of evasion and quivering javelins (moderately wounded, 72% to hit)
The stone arrow hits the minotaur!!
The minotaur is heavily wounded.
The minotaur hits you but does no damage.
The minotaur gores you but does no damage.
Unknown command.
Casting: Stone Arrow (safe; 0% risk of failure)
Confirm with . or Enter, or press ? or * to list all spells.
Aiming: Stone Arrow (safe; 0% risk of failure)
Press: ? - help, Shift-Dir - straight line, f/p - minotaur
Aim: a minotaur, wielding a +2 great mace of protection, wearing the +1 ring mail of the Past {Rampage rElec}, wearing a +4 ring of evasion and quivering javelins (heavily wounded, 72% to hit)
The stone arrow hits the minotaur!!
The minotaur is severely wounded.
The minotaur hits you with a +2 great mace of protection!!!
Ouch! That really hurt!
* * * LOW HITPOINT WARNING * * *
The minotaur gores you but does no damage.
Unknown command.
You feel much better. The minotaur misses you. You block the minotaur's attack.
Casting: Stone Arrow (safe; 0% risk of failure)
Confirm with . or Enter, or press ? or * to list all spells.
Aiming: Stone Arrow (safe; 0% risk of failure)
Press: ? - help, Shift-Dir - straight line, f/p - minotaur
Aim: a minotaur, wielding a +2 great mace of protection, wearing the +1 ring mail of the Past {Rampage rElec}, wearing a +4 ring of evasion and quivering javelins (severely wounded, 72% to hit)
The stone arrow hits the minotaur!
The minotaur is almost dead.
The minotaur hits you with a +2 great mace of protection!
The minotaur gores you!
* * * LOW HITPOINT WARNING * * *
Unknown command.
You feel yourself speed up.
The minotaur hits you with a +2 great mace of protection!!
You die...

#[. #8. #?H #### #8. #.8###
#.. #....# #8. #..#.#
.#..##'##@.#.# ........H....#
.#.##.#.##.#.# .. #....#.#
#.#######.#.###
..............≈# ##
.8.8.8.8.8.8.8.8# ### 8#
...............≈# #8#
########.#########.##########


You could see a minotaur.

Vanquished Creatures
  A reaper (IceCv)
  The ghost of TheWeeknd the Protected, a journeyman MiBe of Trog (Lair:3)
  7 hydras
  3 two-headed ogres
  7 death yaks
  Pikel (D:9)
  4 orc knights (Bailey)
  An ugly thing (D:12)
  4 slime creatures (D:7)
  An orb spider (Lair:3)
  A cyclops (D:11)
  An apocalypse crab (Gauntlet)
  2 ice statues (IceCv)
  5 black mambas
  24 elephants
  An eye of devastation (Gauntlet)
  2 torpor snails (Lair:4)
  A gargoyle (D:10)
  5 cane toads
  A rime drake (Lair:5)
  8 komodo dragons
  A kobold demonologist (D:11)
  4 anaconda simulacra (IceCv)
  6 ice devils (IceCv)
  5 entropy weaver simulacra (IceCv)
  A troll (D:11)
  2 jumping spiders (Lair:1)
  A tyrant leech (Gauntlet)
  A polar bear (Lair:3)
  A meliai zombie (D:10)
  12 blink frogs
  A dire elephant simulacrum (IceCv)
  2 redbacks (Lair:1)
  54 yaks
  2 wraiths
  A spriggan (Lair:3)
  2 vampires
  4 wyverns
  3 steam dragons
  A golden eye (Gauntlet)
  2 basilisks
  A death yak simulacrum (IceCv)
  2 acid dragons
  3 swamp worms (Gauntlet)
  9 water moccasins
  A swamp drake (D:9)
  9 orc warriors
  An ice beast (D:6)
  A sky beast (D:5)
  6 black bears
  2 ogres
  23 wolves
  A lemure (D:9)
  4 kobold brigands
  11 bullfrogs
  2 scorpions (D:7)
  3 gnoll sergeants
  A water moccasin zombie (D:7)
  An elephant simulacrum (IceCv)
  7 wights
  4 howler monkeys
  A bullfrog zombie (D:5)
  3 centaur zombies
  A human zombie (Ossuary)
  2 jellies
  3 orc priests
  3 bullfrog skeletons
  A hound (D:4)
  7 orc wizards
  An iguana (D:5)
  A spriggan simulacrum (IceCv)
  5 hell rats (Lair:5)
  A killer bee zombie (D:7)
  A wolf simulacrum (IceCv)
  4 mummies (Ossuary)
  Robin (D:7)
  A howler monkey zombie (D:8)
  12 gnolls
  5 adders
  A howler monkey skeleton (D:7)
  A naga simulacrum (IceCv)
  12 white imps (Lair:3)
  An ufetubus (D:6)
  A worm zombie (D:6)
  An adder skeleton (D:4)
  A worm (D:2)
  A dart slug (D:3)
  52 orcs
  4 endoplasms
  A giant cockroach (D:4)
  2 gnoll zombies (Ossuary)
  18 goblins
  11 hobgoblins
  2 jackals (D:4)
  2 quokkas (D:3)
  3 ball pythons (D:1)
  9 bats
  5 frilled lizards
  2 goblin zombies (Ossuary)
  2 hobgoblin zombies (Ossuary)
  2 jackal zombies (D:6)
  17 kobolds
  A kobold zombie (D:6)
  A quokka skeleton (D:4)
  5 rats
  4 bushes
494 creatures vanquished.

Vanquished Creatures (others)
  An orc (D:9)
  12 fungi
  42 plants
55 creatures vanquished.

Grand Total: 549 creatures vanquished

Notes
Turn   | Place    | Note
-------+----------+-------------------------------------------
     0 | D:1      | ders the Gargoyle Earth Elementalist began the quest for
                  | the Orb.
     0 | D:1      | Reached XP level 1. HP: 10/10 MP: 3/3
   339 | D:1      | Reached XP level 2. HP: 15/15 MP: 3/5
   386 | D:1      | Reached skill level 1 in Conjurations
   730 | D:1      | Reached skill level 4 in Earth Magic
   862 | D:2      | Found a faded altar of an unknown god.
  1167 | D:2      | Reached XP level 3. HP: 19/19 MP: 3/6
  1171 | D:2      | Learned a level 3 spell: Stone Arrow
  1174 | D:2      | Learned a level 2 spell: Blink
  1278 | D:2      | Found a shimmering altar of Xom.
  1961 | D:3      | Found Biulu's Antique Armour Emporium.
  2175 | D:3      | Reached XP level 4. HP: 11/24 MP: 2/8
  2511 | D:3      | Noticed an orc warrior
  3050 | D:4      | Noticed a bullfrog
  3054 | D:4      | Killed a bullfrog
  3055 | D:4      | Reached skill level 5 in Earth Magic
  3055 | D:4      | Reached XP level 5. HP: 28/28 MP: 1/9
  3212 | D:4      | Noticed an ogre
  3220 | D:4      | Killed an ogre
  3221 | D:4      | Reached XP level 6. HP: 14/32 MP: 1/11
  3517 | D:4      | Noticed Robin
  3614 | D:4      | Found a hide-covered altar of Uskayaw.
  4309 | D:4      | Reached skill level 6 in Earth Magic
  4533 | D:4      | Reached XP level 7. HP: 34/36 MP: 9/13
  4986 | D:5      | Entered Level 5 of the Dungeon
  5372 | D:5      | Found a sparkling altar of Nemelex Xobeh.
  5372 | D:5      | Found an ancient bone altar of Kikubaaqudgha.
  5380 | D:5      | Found a faded altar of an unknown god.
  5382 | D:5      | Found a faded altar of an unknown god.
  5384 | D:5      | Found a snail-covered altar of Cheibriados.
  5494 | D:5      | Reached skill level 5 in Conjurations
  5611 | D:5      | Found an ornate altar of the Wu Jian Council.
  5862 | D:6      | Found a sand-covered staircase.
  5894 | Ossuary  | Entered an ossuary
  6025 | Ossuary  | Reached skill level 7 in Earth Magic
  6126 | Ossuary  | Reached XP level 8. HP: 41/41 MP: 11/15
  6291 | Ossuary  | Reached skill level 5 in Spellcasting
  6739 | D:6      | Noticed a four-headed hydra
  6745 | D:6      | Killed a four-headed hydra
  6746 | D:6      | Reached skill level 8 in Earth Magic
  6746 | D:6      | Reached XP level 9. HP: 34/45 MP: 3/18
  7096 | D:6      | Found a staircase to the Ecumenical Temple.
  7237 | D:6      | Reached skill level 9 in Earth Magic
  7263 | Temple   | Entered the Ecumenical Temple
  7475 | Temple   | Became a worshipper of Vehumet
  8453 | D:7      | Killed a large slime creature
  8523 | D:7      | Found a glowing golden altar of the Shining One.
  8752 | D:7      | Reached skill level 10 in Earth Magic
  8756 | D:7      | Reached XP level 10. HP: 37/50 MP: 12/21
  8841 | D:7      | Killed Robin
  9248 | D:7      | Learned a level 4 spell: Flame Wave
  9645 | D:8      | Found a sacrificial altar of Ru.
  9645 | D:8      | Found a shimmering altar of Xom.
 10440 | D:9      | Identified the +1 leather armour "Pynuck" {rCorr Str-4
                  | Int+4}
 10522 | D:9      | Reached * piety under Vehumet
 10522 | D:9      | Offered knowledge of Shock by Vehumet.
 10529 | D:8      | Reached skill level 11 in Earth Magic
 11020 | D:9      | Reached skill level 1 in Armour
 11168 | D:9      | Noticed Pikel
 11176 | D:9      | Killed Pikel
 11476 | D:9      | Found a blossoming altar of Fedhas.
 11858 | D:9      | Found a staircase to the Orcish Mines.
 11901 | D:9      | Reached XP level 11. HP: 52/55 MP: 0/24
 12149 | D:10     | Entered Level 10 of the Dungeon
 12245 | D:10     | Found a broken altar of Ashenzari.
 12299 | D:10     | Reached skill level 12 in Earth Magic
 12300 | D:10     | Reached ** piety under Vehumet
 12300 | D:10     | Offered knowledge of Magic Dart by Vehumet.
 12302 | D:10     | Reached skill level 10 in Conjurations
 12435 | D:10     | Identified a scroll of acquirement
 12435 | D:10     | Acquired 694 gold pieces
 12809 | D:10     | Reached skill level 1 in Short Blades
 13039 | D:10     | Found a burning altar of Makhleb.
 13049 | D:10     | Identified the +1 hunting sling of Annihilation {flame,
                  | Drain rC+ Str+4 Dex+6}
 13105 | D:10     | Reached skill level 1 in Fighting
 13220 | D:10     | Found Gegiz's General Store.
 13453 | D:10     | Found a staircase to the Lair.
 14153 | D:11     | Found a flagged portal.
 14166 | D:11     | Offered knowledge of Poisonous Vapours by Vehumet.
 14177 | Bailey   | Entered a bailey
 14534 | Bailey   | Noticed an orc knight
 14716 | Bailey   | Noticed an orc knight
 14716 | Bailey   | Noticed an orc knight
 14716 | Bailey   | Noticed an orc knight
 14863 | Bailey   | Killed an orc knight
 14864 | Bailey   | Reached skill level 10 in Spellcasting
 14867 | Bailey   | Killed an orc knight
 15021 | Bailey   | Killed an orc knight
 15164 | Bailey   | Killed an orc knight
 15342 | Bailey   | Identified the +1 whip "Gargoyle's Peril" {vorpal, rC+}
 15347 | Bailey   | Identified the +2 pair of boots of Discretion {Will+++
                  | rCorr MP+9 Str-4}
 15365 | Bailey   | Reached *** piety under Vehumet
 15536 | D:11     | Reached skill level 13 in Earth Magic
 15709 | D:11     | Noticed a cyclops
 15714 | D:11     | Killed a cyclops
 15715 | D:11     | Reached XP level 12. HP: 60/60 MP: 20/26
 15786 | D:11     | Offered knowledge of Airstrike by Vehumet.
 15917 | D:11     | Noticed a two-headed ogre
 15920 | D:11     | Killed a two-headed ogre
 16111 | D:11     | Noticed a two-headed ogre
 16118 | D:11     | Killed a two-headed ogre
 16662 | D:12     | Noticed a two-headed ogre
 16667 | D:12     | Killed a two-headed ogre
 16686 | D:12     | Learned a level 3 spell: Swiftness
 16697 | D:12     | Learned a level 4 spell: Airstrike
 16848 | D:12     | Noticed an ogre mage
 17010 | Lair:1   | Entered Level 1 of the Lair of Beasts
 17028 | Lair:1   | Reached skill level 1 in Air Magic
 17350 | Lair:1   | Identified the ring of the Turtle {rN+ Will+ Int+6 SInv}
 17406 | Lair:1   | Found a runed translucent door.
 17431 | Lair:1   | Reached skill level 1 in Shields
 17436 | Lair:1   | Reached skill level 1 in Fire Magic
 18074 | Lair:1   | Reached **** piety under Vehumet
 18161 | Lair:1   | Found a runed translucent gate.
 18163 | Lair:1   | Found a runed translucent gate.
 18165 | Lair:1   | Found a runed translucent gate.
 18165 | Lair:1   | Found a runed translucent gate.
 18165 | Lair:1   | Found a runed translucent gate.
 18165 | Lair:1   | Identified the +5 whip of Dominance {holy, rN+}
 18165 | Lair:1   | Noticed a boulder beetle
 18166 | Lair:1   | Found a runed translucent gate.
 18320 | Lair:2   | Noticed an eight-headed hydra
 18400 | Lair:2   | Killed an eight-headed hydra
 18400 | Lair:2   | Offered knowledge of Inner Flame by Vehumet.
 18699 | Lair:2   | Found a transporter.
 18704 | Lair:2   | Noticed swinepaste's ghost (journeyman KoEn)
 18712 | Lair:2   | Found a transporter.
 18771 | Lair:2   | Acquired 804 gold pieces
 19412 | Lair:2   | Noticed an eight-headed hydra
 19418 | Lair:2   | Killed an eight-headed hydra
 19419 | Lair:2   | Reached XP level 13. HP: 32/65 MP: 25/28
 19504 | Lair:3   | Reached skill level 14 in Earth Magic
 19536 | Lair:3   | Found a frozen archway.
 19540 | Lair:3   | Reached ***** piety under Vehumet
 19540 | Lair:3   | Offered knowledge of Irradiate by Vehumet.
 19660 | IceCv    | Entered an ice cave
 19664 | IceCv    | Learned a level 2 spell: Scorch
 20794 | IceCv    | Noticed a reaper
 20809 | IceCv    | Killed a reaper
 21579 | Lair:3   | Found a runed translucent door.
 21656 | Lair:3   | Found a hole to the Spider Nest.
 21897 | Lair:3   | Noticed TheWeeknd's ghost (journeyman MiBe)
 21914 | Lair:3   | Killed TheWeeknd's ghost
 22374 | Lair:4   | Gained mutation: Your large and strong wings let you fly.
                  | [Gargoyle growth]
 22374 | Lair:4   | Reached XP level 14. HP: 72/72 MP: 31/31
 22890 | Lair:4   | Reached skill level 15 in Earth Magic
 22956 | Lair:4   | Found a staircase to the Shoals.
 23364 | Lair:4   | Reached skill level 5 in Armour
 23835 | Lair:5   | Found a staircase to the Slime Pits.
 24530 | Lair:6   | Entered Level 6 of the Lair of Beasts
 24817 | Lair:6   | Found a gate leading to a gauntlet.
 24859 | Gauntlet | Entered a Gauntlet
 24859 | Gauntlet | Found a transporter.
 24859 | Gauntlet | Found a transporter.
 24863 | Gauntlet | Found a transporter.
 24863 | Gauntlet | Found a transporter.
 24873 | Gauntlet | Found a transporter.
 24879 | Gauntlet | Found a large runed translucent door.
 24880 | Gauntlet | Found a large runed translucent door.
 24881 | Gauntlet | Found a large runed translucent door.
 24881 | Gauntlet | Found a large runed translucent door.
 24882 | Gauntlet | Found a runed translucent gate.
 24883 | Gauntlet | Found a transporter.
 24883 | Gauntlet | Found a runed translucent gate.
 24883 | Gauntlet | Found a transporter.
 24884 | Gauntlet | Found a runed translucent gate.
 24885 | Gauntlet | Found a large runed translucent door.
 24885 | Gauntlet | Found a large runed translucent door.
 24886 | Gauntlet | Found a large runed translucent door.
 24887 | Gauntlet | Found a large runed translucent door.
 24896 | Gauntlet | Noticed a quicksilver ooze
 24901 | Gauntlet | Found a transporter.
 24914 | Gauntlet | Found a large runed translucent door.
 24914 | Gauntlet | Found a large runed translucent door.
 24914 | Gauntlet | Found a runed translucent door.
 24914 | Gauntlet | Found a runed translucent door.
 24915 | Gauntlet | Found a large runed translucent door.
 24916 | Gauntlet | Found a large runed translucent door.
 24970 | Gauntlet | Found a transporter.
 24983 | Gauntlet | Found a transporter.
 24997 | Gauntlet | Found a transporter.
 25010 | Gauntlet | Found a transporter.
 25082 | Gauntlet | Found a transporter.
 25097 | Gauntlet | Found a transporter.
 25121 | Gauntlet | Found a transporter.
 25124 | Gauntlet | Found a transporter.
 25126 | Gauntlet | Found a large runed translucent door.
 25127 | Gauntlet | Found a large runed translucent door.
 25128 | Gauntlet | Found a large runed translucent door.
 25129 | Gauntlet | Found a large runed translucent door.
 25341 | Gauntlet | Identified the amulet of Youthful Indiscretion {Acrobat
                  | Str+2 Dex+2}
 25597 | Gauntlet | Identified the ring of Haitruer {+Blink Int+6}
 25709 | Gauntlet | Identified the +9 hand crossbow of Moecuo {flame, rF++
                  | Int+6 SInv}
 25709 | Gauntlet | Identified the +1 ring mail of the Past {Rampage rElec}
 25726 | Gauntlet | Mangled by a minotaur

Illustrated notes

Levels and vault maps discovered:
D:1:      minmay_arrival_diagonal_passages, layout_basic, chequers_arboretum,
          minmay_hedge_maze
D:2:      layout_loops_corners, basic_altar, ebering_ecumenical_altar_webs,
          serial_bayou_lagoon_a
D:3:      layout_basic, serial_shops, shop
D:4:      cheibrodos_thug_alley, layout_loops_ring, lemuel_tele_altar,
          uniq_robin
D:5:      layout_basic, lemuel_doored_altar, chequers_temple_overflow_minitemple
D:6:      layout_loops_corners, minmay_temple_entry_statues, enter_ossuary_3
D:7:      layout_loops_cross, lemuel_crystal_altar
D:8:      layout_basic, mainiacjoe_overflow_divided_tiny
D:9:      layout_gridville, mainiacjoe_overflow_paths, erik_orc_1,
          hangedman_decor_growths, hangedman_abyss_or_decor_passed,
          minivault_25, minmay_misc_feat_encased, uniq_pikel
D:10:     layout_irregular_city, mainiacjoe_overflow_surrounded_room,
          bloody_makhleb, david_lair_shrubbed, serial_shops,
          nicolae_shop_statue_plus, grunt_ministairs_7
D:11:     layout_stronghold, enter_bailey_5
D:12:     layout_cave_pools, lightli_fourway_metalbox
Temple:   minmay_temple_curvy_loop
Lair:1:   gammafunk_indiana_jones, layout_chaotic_city, minivault_23,
          serial_bayou_pond_c
Lair:2:   layout_cave_pods, nzn_ghost_randoct, hibernation_bobbens
Lair:3:   layout_hall_layers, nicolae_spider_entry_orb_guardian,
          portal_ice_cave_entry_imps, nicolae_volcano_entry_s_turn,
          ebering_ghost_reflecting_pool, grunt_forest_large_clearing_hut
Lair:4:   layout_regular_city, shoals_dummy_entry, infiniplex_staircase_pool_2,
          grunt_megastairs_3
Lair:5:   layout_layer_cave, nicolae_slime_entry_slimehenge, st_stairs_10
Lair:6:   due_jungle_book, layout_loops_ring, gauntlet_entry_generic,
          chequers_serial_rivers_room_a, minmay_shattered_shrine,
          lemuel_fruit_tree, infiniplex_staircase_pool
Gauntlet: gammafunk_gauntlet_branching [gammafunk_gauntlet_arena_teeth,
          nicolae_gauntlet_arena_grate_2,
          gammafunk_gauntlet_arena_split_diamond, gammafunk_gauntlet_arena_grid,
          gammafunk_gauntlet_arena_corners, gammafunk_gauntlet_arena_spirals,
          nicolae_gauntlet_arena_blocks,
          minmay_gauntlet_arena_make_your_own_arena,
          nicolae_gauntlet_exit_dead_adventurers]

Skill      XL: |  1  2  3  4  5  6  7  8  9 10 11 12 13 14 |
---------------+-------------------------------------------+-----
Conjurations   | 1 2 3 4 5 6 8 9 11 12 14 | 14.1
Earth Magic    | 4 5 6 7 8 10 11 13 14 15 | 15.7
Spellcasting   | 3 4 6 7 9 10 11 13 14 | 14.2
Armour         | 2 3 4 5 |  5.3
Short Blades   | 1 |  1.1
Fighting       | 1 2 |  2.5
Stealth        | 3 4 |  4.1
Air Magic      | 2 3 4 |  4.1
Shields        | 4 |  4.0
Fire Magic     | 2 3 |  3.7
Dodging        | |  1.5
Transmutations | |  0.7

Action                   |  1- 3 |  4- 6 |  7- 9 | 10-12 | 13-15 || total
-------------------------+-------+-------+-------+-------+-------++-------
Melee: Dagger            |    25 |    26 |    20 |    40 |       ||   111
       Whip              |       |       |       |     6 |     1 ||     7
 Cast: Sandblast         |    45 |    75 |    71 |    63 |     9 ||   263
       Stone Arrow       |       |     1 |    56 |   248 |   245 ||   550
       Flame Wave        |       |       |       |    26 |    36 ||    62
       Airstrike         |       |       |       |    12 |    18 ||    30
       Swiftness         |       |       |       |     1 |     7 ||     8
       Scorch            |       |       |       |       |     1 ||     1
  Use: Scroll            |       |    11 |     8 |     9 |    12 ||    40
       Potion            |       |       |       |       |    11 ||    11
 Stab: Sleeping          |     1 |       |       |       |       ||     1
Armor: Robe              |     9 |    14 |    36 |     4 |       ||    63
       Leather armour    |       |       |       |    93 |    88 ||   181
       Steam dragon scal |       |       |       |       |    37 ||    37
Dodge: Dodged            |    18 |    35 |    24 |   105 |    89 ||   271
Block: Buckler           |       |       |       |    13 |    41 ||    54

Table legend: (Time is in decaauts)
 A = Elapsed time spent in this place.
 B = Non-inter-level travel time spent in this place.
 C = Inter-level travel time spent in this place.
 D = Time resting spent in this place.
 E = Time spent auto-exploring this place.
 F = Levels seen in this place.
 G = Mean time per level.
                   A        B        C        D        E       F      G
               +--------+--------+--------+--------+--------+-----+--------+
         Total |  25718 |  24335 |   1383 |   8232 |  12350 |  23 | 1118.2 |
       Dungeon |  14976 |  14006 |    970 |   4586 |   7774 |  12 | 1248.0 |
        Temple |    235 |    207 |     28 |      0 |    201 |   1 |  235.0 |
          Lair |   6549 |   6165 |    384 |   1606 |   3689 |   6 | 1091.5 |
       Ossuary |    503 |    503 |      0 |    217 |    145 |   1 |  503.0 |
        Bailey |   1290 |   1290 |      0 |    735 |    243 |   1 | 1290.0 |
      Ice Cave |   1308 |   1308 |      0 |    876 |     10 |   1 | 1308.0 |
      Gauntlet |    852 |    852 |      0 |    212 |    288 |   1 |  852.0 |
               +--------+--------+--------+--------+--------+-----+--------+

Top non-repeatable levels by time:
    D:10: 2020 daAuts
     D:4: 1790 daAuts
     D:6: 1761 daAuts
  Lair:3: 1618 daAuts
     D:8: 1393 daAuts
    D:11: 1349 daAuts
   IceCv: 1308 daAuts
  Lair:1: 1294 daAuts
  Bailey: 1290 daAuts
  Lair:2: 1290 daAuts
     D:9: 1272 daAuts
  Lair:4: 1192 daAuts
     D:3: 1190 daAuts
     D:2: 1183 daAuts
     D:7: 1134 daAuts
